 Dungeon Crawl Stone Soup version 0.19-a0-231-gae044c8 (webtiles) character file.

19439 esc the Thaumaturge (level 12, -8/68 HPs)
             Began as a Deep Elf Fire Elementalist on May 24, 2016.
             Was an Elder of Vehumet.
             Killed from afar by a rime drake (17 damage)
             ... with a flash freeze
             ... on level 4 of the Lair of Beasts.
             The game lasted 01:00:33 (14440 turns).

esc the Thaumaturge (Deep Elf Fire Elementalist)   Turns: 14440, Time: 01:00:34

Health: -8/68      AC: 13    Str:  5    XL:     12   Next: 36%
Magic:  46/46      EV: 17    Int: 26    God:    Vehumet [****..]
Gold:   492        SH:  0    Dex: 15    Spells: 6 memorised, 18 levels left

rFire  x . .     SeeInvis .     D - staff of power {MP+17, !a}
rCold  + . .     Gourm    .     a - +1 robe
rNeg   . . .     Faith    .     (no shield)
rPois  .         Spirit   .     y - +2 helmet
rElec  .         Dismiss  .     k - +0 cloak
rCorr  .         Reflect  .     h - +1 pair of gloves {archery}
SustAt .         Harm     .     (no boots)
MR     +....                    (no amulet)
Stlth  +.........               j - ring of ice {rC+, rF-}
                                N - +3 ring of protection

@: confused, somewhat resistant to hostile enchantments, very unstealthy
A: hooves 1, shaggy fur 1, slow regeneration 1
a: Renounce Religion


You were on level 4 of the Lair of Beasts.
You worshipped Vehumet.
Vehumet was greatly pleased with you.
You were not hungry.

You visited 3 branches of the dungeon, and saw 15 of its levels.

You collected 912 gold pieces.
You spent 420 gold pieces at shops.

Inventory:

Hand Weapons
 C - a +0 mace of draining
   (You took it off an orc on level 4 of the Dungeon)
 T - a +0 blowgun
   (You took it off a kobold on level 9 of the Dungeon)
Missiles
 f - 5 curare-tipped needles
 g - 368 stones (quivered)
 u - 5 javelins
 L - a throwing net {=f, !d}
 R - 24 poisoned needles
 Y - 6 steel tomahawks
Armour
 a - a +1 robe (worn)
 h - a +1 pair of gloves of archery (worn)
   (You acquired it on level 2 of the Lair of Beasts)
 k - a +0 cloak (worn)
   (You found it on level 2 of the Lair of Beasts)
 y - a +2 helmet (worn)
   (You found it on level 3 of the Dungeon)
Magical Staves
 D - an uncursed staff of power (weapon) {MP+17, !a}
   (You found it on level 4 of the Dungeon)
Jewellery
 d - an uncursed ring of fire {rF+, rC-}
   (You found it on level 10 of the Dungeon)
 e - an uncursed ring of sustain attributes
   (You found it on level 2 of the Dungeon)
 j - a ring of ice (right hand) {rC+, rF-}
   (You found it on level 1 of the Dungeon)
 F - an uncursed ring of see invisible {sInv, !d}
   (You found it on level 5 of the Dungeon)
 N - a +3 ring of protection (left hand)
   (You found it on level 9 of the Dungeon)
 U - an uncursed ring of protection from magic {MR+, !d}
   (You found it on level 10 of the Dungeon)
 Z - an uncursed ring of protection from fire {rF+, !d}
   (You found it on level 1 of the Lair of Beasts)
Wands
 o - a wand of disintegration (2/24)
   (You found it on level 10 of the Dungeon)
 t - a wand of iceblast (0/15)
   (You found it on level 4 of the Dungeon)
 w - a wand of slowing (29/48)
   (You found it on level 4 of the Dungeon)
 E - a wand of paralysis (11/24)
   (You found it on level 10 of the Dungeon)
 K - a wand of paralysis (15/24)
   (You found it on level 8 of the Dungeon)
 S - a wand of enslavement (13/24)
   (You took it off an orc on level 9 of the Dungeon)
 X - a wand of digging (6/24)
   (You found it on level 1 of the Lair of Beasts)
Scrolls
 l - a scroll of enchant armour
 r - 7 scrolls of remove curse
 z - 2 scrolls of identify
 H - 2 scrolls of enchant weapon
 I - a scroll of teleportation {unknown}
 M - 3 scrolls of fear
 O - a scroll of recharging
 Q - a scroll of amnesia
Potions
 i - 7 potions of curing
 q - 2 potions of haste
 s - a potion of magic
 v - 2 potions of agility
 x - 2 potions of brilliance
 A - a potion of flight
 G - a potion of might
 P - a potion of cure mutation {unknown}
 W - a potion of cancellation
Books
 b - a book of Flames
 V - a book of Conjurations
   (You bought it in a shop on level 5 of the Dungeon)
Comestibles
 c - 8 bread rations {@e1}
 m - 4 slices of pizza
 n - 2 meat rations {@e2}


   Skills:
 + Level 5.3 Fighting
 + Level 7.8 Dodging
 - Level 2.4 Stealth
 + Level 13.5 Spellcasting
 + Level 11.7 Conjurations
 - Level 4.1 Charms
 + Level 11.8 Fire Magic


You had 18 spell levels left.
You knew the following spells:

 Your Spells              Type           Power        Failure   Level  Hunger
a - Flame Tongue          Conj/Fire      #####        1%          1    None
b - Dazzling Spray        Conj/Hex       #####.       1%          3    None
f - Fireball              Conj/Fire      ######....   1%          5    ##.....
s - Sticky Flame          Conj/Fire      ######..     1%          4    None
x - Throw Flame           Conj/Fire      ######       1%          2    None
z - Iskenderun's Battles  Conj/Chrm      ######..     1%          5    ##.....


Dungeon Overview and Level Annotations

Branches:
Dungeon (10/15)            Temple (1/1) D:7            Lair (4/8) D:9
  Snake (0/4) Lair:3          Orc (0/2) D:9
  Swamp: Lair:3-6    Shoals: Lair:3-6

Altars:
Ashenzari
Dithmenos
Elyvilon
Fedhas
Gozag
Kikubaaqudgha
Makhleb
Nemelex Xobeh
Okawaru
Pakellas
Qazlal
Ru
Trog
Ukayaw
Vehumet
Yredelemnul
Zin

Shops:
D:5 :   D:9 :

Portals:
Trove: D:10 (give +5 demon trident)

Annotations:
D:4 Eustachio


Innate Abilities, Weirdness & Mutations

You have large cloven feet.
You are covered in fur. (AC +1)
You regenerate slowly when monsters are visible.


Message History

The four-headed hydra bites you.
* * * LOW HITPOINT WARNING * * *
The four-headed hydra closely misses you.
The four-headed hydra misses you.
You regained 6 hp, and now have 8/68 hp.
The four-headed hydra burns!
The four-headed hydra burns!
Found a stone staircase leading down.
You hear the quick rumble of a very distant avalanche of rocks.
The four-headed hydra burns!
You kill the four-headed hydra!
Vehumet accepts your kill.
You feel your power returning.
You regained 6 mp, and now have 21/46 mp.
You see here a hydra corpse.
You butcher the hydra corpse.
You see here 6 inedible chunks of flesh {@w0}.
You start resting.
Your battlesphere wavers and loses cohesion.
You regained 7 hp, and now have 17/68 hp.
You regained 11 mp, and now have 34/46 mp.
You start resting.
Some of the chunks of flesh in your inventory have rotted away.
You hear the quick rumble of a very distant avalanche of rocks.
You regained 2 hp, and now have 19/68 hp.
You regained 3 mp, and now have 37/46 mp.
You start resting.
You hear the rapid rumble of a very distant avalanche of rocks.
You regained 11 hp, and now have 30/68 hp.
MP restored: 46
Found a stone staircase leading down.
A giant frog comes into view.
Found an escape hatch in the floor.
Aim: a giant frog (resting)
You feel a surge of power!
The puff of flame hits the giant frog.
You now have 44/46 mp.
Aim: a giant frog (heavily wounded)
You feel a surge of power!
The puff of flame hits the giant frog.
You kill the giant frog!
Vehumet accepts your kill.
You feel your power returning.
q - 2 potions of haste (gained 1)
There are no items here.
MP restored: 46 You hit the fungus.
You kick the fungus, but do no damage.
You can't see any susceptible monsters within range! (Use Z to cast anyway.)
Aim: a fungus (lightly damaged)
You feel a surge of power!
The sticky flame hits the fungus.
The fungus is covered in liquid flames!
The fungus burns!
You now have 42/46 mp.
You hit the fungus.
The fungus burns!
You hit the fungus.
The fungus burns!
You hit the fungus. You kick the fungus, but do no damage.
The fungus burns! x2
You hit the fungus.
The fungus burns!
You hit the fungus but do no damage.
The fungus burns!
You destroy the fungus!
MP restored: 46 You hear the rapid rumble of a very distant avalanche of rocks.
You enter the shallow water.
Moving in this stuff is going to be slow.
An electric eel comes into view.
z - 2 scrolls of identify (gained 1)
You hear the rapid rumble of a distant avalanche of rocks.
All of the chunks of flesh in your inventory have rotted away.
A rime drake comes into view.
An electric eel comes into view.
The electric eel shoots out a bolt of lightning at you!
The bolt of electricity hits you!
You take 8 damage, and have 44/68 hp.
Aim: a rime drake (hasn't noticed you)
You feel a surge of power!
The puff of flame hits the rime drake.
You now have 44/46 mp.
The rime drake breathes ice at you. The flash freeze hits you!
You feel a painful chill!
Ouch! That really hurt!
* * * LOW HITPOINT WARNING * * *
You are encased in ice.
You take 40 damage, and have 4/68 hp.
MASSIVE DAMAGE!!
Drink which item? (? for menu, Esc to quit)
Okay, then.
Put on which piece of jewellery? (? for menu, Esc to quit)
You're wearing all the rings you can.
Remove which one? (? for menu, Esc to cancel) < or
N - a +3 ring of protection; > or
d - a ring of fire {rF+, rC-} You remove your ring of fire {rF+, rC-}.
You feel more attuned to ice.
j - a ring of ice (right hand) {rC+, rF-} Drink which item? (? for menu, Esc to quit)
You are confused.
You feel invigorated.
You regained 4 hp, and now have 8/68 hp.
MP restored: 46 The ice encasing you melts away.
The electric eel shoots out a bolt of lightning at you!
The bolt of electricity hits you!
* * * LOW HITPOINT WARNING * * *
The rime drake breathes ice at you. The flash freeze hits you!
You partially resist.
You die...

##....### ##....♣≈≈≈≈♣
#..##########..#+#;≈≈≈
###...#.#.##.#...%..♣♣≈ ##
#............#.......#
.####.....$.........?##...#
.#....................#....
P..#P...........k#.........
...#.......................
#.P#............@.........
..##P...........#.........
...##..#.#.#.#..##........
P.#####.##.###.###...##..#
### ###...#...#....##..##
### ##..P.# #...##P..### #
#.## ##...#
##..........###.# ...##
#...## #...........##.#.
....#######..##
#...........###..


You could see a rime drake and an electric eel.

Vanquished Creatures
  A centaur warrior (D:9)
  2 hydras
  3 death yaks (Lair:3)
  Urug (Lair:3)
  A griffon (Lair:4)
  A black mamba (Lair:3)
  Joseph (D:10)
  5 elephants (Lair:4)
  2 spiny frogs
  4 komodo dragons
  The ghost of oplop the Sneak, a novice VSAs of Ukayaw (D:4)
  A troll (D:9)
  5 hippogriffs
  12 yaks
  3 nagas (Lair:3)
  5 water moccasins
  2 hell hounds (D:9)
  A sky beast (D:10)
  5 porcupines
  2 phantoms
  6 orc warriors
  3 ice beasts
  A wasp (D:9)
  3 ogres
  2 black bears
  5 wolves (Lair:3)
  5 crocodiles
  4 centaurs
  3 big kobolds
  12 giant frogs
  5 killer bees (D:10)
  A wyvern skeleton (D:9)
  5 howler monkeys
  An electric eel (Lair:1)
  A centaur zombie (D:7)
  A wasp zombie (D:10)
  2 crimson imps
  2 quasits
  A giant frog zombie (D:7)
  3 hounds
  5 orc priests (D:9)
  2 jellies
  2 giant frog skeletons
  7 orc wizards
  Terence (D:3)
  3 iguanas
  Natasha (thrice) (D:2)
  12 worker ants
  5 sheep
  A killer bee zombie (D:9)
  A hound skeleton (D:10)
  2 howler monkey zombies (D:9)
  3 gnolls (D:7)
  A howler monkey skeleton (D:6)
  12 adders
  22 river rats
  A shadow imp (D:8)
  An ooze (D:5)
  An adder zombie (D:7)
  An adder skeleton (D:5)
  A worm (D:3)
  A dart slug (D:5)
  4 giant geckos
  44 orcs
  10 bats
  5 giant cockroaches
  8 goblins
  7 hobgoblins
  12 jackals
  21 kobolds
  3 quokkas
  2 ball pythons
  7 giant newts
  A jackal skeleton (D:6)
  A quokka zombie (D:7)
  6 rats
  A fungus (Lair:4)
344 creatures vanquished.

Vanquished Creatures (others)
  A hydra (D:8)
  2 orc warriors (D:9)
  2 fungi
5 creatures vanquished.

Grand Total: 349 creatures vanquished

Notes
Turn   | Place    | Note
--------------------------------------------------------------
     0 | D:1      | esc the Deep Elf Fire Elementalist began the quest for the Orb.
     0 | D:1      | Reached XP level 1. HP: 10/10 MP: 6/6
   196 | D:1      | Reached XP level 2. HP: 16/16 MP: 6/8
   306 | D:1      | Reached skill level 1 in Fighting
  1114 | D:2      | Noticed Natasha
  1118 | D:2      | Killed Natasha
  1118 | D:2      | Reached XP level 3. HP: 15/20 MP: 6/10
  1200 | D:2      | Found a bloodstained altar of Trog.
  1231 | D:2      | Gained mutation: You have large cloven feet. [potion of mutation]
  1231 | D:2      | Gained mutation: You regenerate slowly when monsters are visible. [potion of mutation]
  1231 | D:2      | Gained mutation: You are covered in fur. (AC +1) [potion of mutation]
  1363 | D:2      | Noticed Natasha
  1370 | D:2      | Killed Natasha
  1370 | D:2      | Reached skill level 3 in Dodging
  1370 | D:2      | Reached skill level 2 in Conjurations
  1370 | D:2      | Reached XP level 4. HP: 25/25 MP: 3/11
  1430 | D:2      | Noticed Natasha
  1480 | D:2      | Killed Natasha
  1515 | D:2      | Learned a level 2 spell: Throw Flame
  1629 | D:2      | Found a glowing silver altar of Zin.
  2297 | D:3      | Noticed Terence
  2310 | D:3      | Reached skill level 4 in Fire Magic
  2381 | D:3      | Killed Terence
  2381 | D:3      | Reached skill level 2 in Fighting
  2381 | D:3      | Reached skill level 4 in Spellcasting
  2381 | D:3      | Reached XP level 5. HP: 30/30 MP: 11/13
  3025 | D:4      | Noticed an ogre
  3062 | D:4      | Found an opulent altar of Gozag.
  3104 | D:4      | Killed an ogre
  3104 | D:4      | Reached skill level 3 in Conjurations
  3104 | D:4      | Reached XP level 6. HP: 35/35 MP: 8/15
  3178 | D:4      | Noticed oplop's ghost (novice VSAs)
  3235 | D:4      | Killed oplop's ghost
  3235 | D:4      | Reached skill level 5 in Spellcasting
  3235 | D:4      | Reached skill level 4 in Conjurations
  3235 | D:4      | Reached skill level 5 in Fire Magic
  3235 | D:4      | Reached XP level 7. HP: 40/40 MP: 17/17
  3303 | D:4      | Learned a level 4 spell: Sticky Flame
  3385 | D:4      | Found a sparkling altar of Nemelex Xobeh.
  3385 | D:4      | Found a shadowy altar of Dithmenos.
  3386 | D:4      | Found a basalt altar of Yredelemnul.
  3506 | D:4      | Noticed Eustachio
  3701 | D:5      | Entered Level 5 of the Dungeon
  3715 | D:5      | Reached skill level 6 in Spellcasting
  4039 | D:5      | Reached skill level 5 in Conjurations
  4106 | D:5      | Found Nauguvex's Book Boutique.
  4325 | D:5      | Reached skill level 6 in Fire Magic
  4583 | D:5      | Got a vibrating lapis lazuli ring
  4587 | D:5      | Identified the ring of Greater Demons {+Fly rF- Str+2 Int+2 Dex+2} (You found it on level 5 of the Dungeon)
  4894 | D:6      | Reached XP level 8. HP: 44/44 MP: 20/20
  4905 | D:6      | Reached skill level 7 in Spellcasting
  5021 | D:6      | Found a sparkling altar of Nemelex Xobeh.
  5035 | D:6      | You fall through a shaft!
  5091 | D:7      | Reached skill level 6 in Conjurations
  5174 | D:7      | Reached skill level 7 in Fire Magic
  5183 | D:7      | Reached skill level 8 in Spellcasting
  5503 | D:6      | Reached skill level 7 in Conjurations
  5567 | D:6      | Reached XP level 9. HP: 40/48 MP: 23/23
  5675 | D:6      | Reached skill level 9 in Spellcasting
  6121 | D:7      | Learned a level 5 spell: Fireball
  6157 | D:7      | Found a blossoming altar of Fedhas.
  6192 | D:7      | Found a staircase to the Ecumenical Temple.
  6198 | Temple   | Entered the Ecumenical Temple
  6206 | Temple   | Became a worshipper of Vehumet
  6710 | D:8      | Found an iron altar of Okawaru.
  6789 | D:8      | Reached skill level 8 in Fire Magic
  6824 | D:8      | Found an oddly glowing altar of Pakellas.
  6824 | D:8      | Noticed an orange crystal statue
  6825 | D:8      | Noticed a four-headed hydra
  6842 | D:8      | Killed a four-headed hydra
  7426 | D:8      | Reached * piety under Vehumet
  7426 | D:8      | Offered knowledge of Sting by Vehumet.
  7489 | D:8      | Found a burning altar of Makhleb.
  7726 | D:8      | Reached skill level 8 in Conjurations
  7736 | D:9      | Found Goruhih's Book Boutique.
  7742 | D:9      | Reached skill level 10 in Spellcasting
  8246 | D:9      | Found a staircase to the Orcish Mines.
  8307 | D:9      | Found a large runed door.
  8308 | D:9      | Found a large runed door.
  8431 | D:9      | Reached skill level 9 in Fire Magic
  8620 | D:9      | Offered knowledge of Searing Ray by Vehumet.
  8749 | D:9      | Reached ** piety under Vehumet
  8967 | D:9      | Found a staircase to the Lair.
  8981 | D:9      | Reached XP level 10. HP: 43/53 MP: 26/26
  9269 | D:9      | Reached skill level 9 in Conjurations
  9572 | D:9      | Reached skill level 11 in Spellcasting
  9621 | D:9      | Noticed a centaur warrior
  9625 | D:9      | Found an iron altar of Okawaru.
  9629 | D:9      | Found an iron altar of Okawaru.
  9630 | D:9      | HP: 13/53 [centaur warrior (3)]
  9631 | D:9      | HP: 6/53 [centaur warrior (7)]
  9642 | D:9      | Killed a centaur warrior
  9645 | D:9      | HP: 12/53 [orc warrior/war axe (19)]
  9664 | D:9      | Got an encrusted plate armour
  9887 | D:10     | Entered Level 10 of the Dungeon
  9940 | D:10     | Reached skill level 10 in Fire Magic
 10002 | D:10     | Found a portal to a secret trove of treasure.
 10089 | D:10     | Noticed Joseph
 10118 | D:10     | Killed Joseph
 10387 | D:10     | Reached skill level 10 in Conjurations
 10519 | D:10     | Offered knowledge of Ignite Poison by Vehumet.
 10976 | D:5      | Bought a book of Conjurations for 420 gold pieces
 10982 | D:5      | Learned a level 5 spell: Iskenderun's Battlesphere
 11043 | D:9      | Reached skill level 4 in Dodging
 11109 | D:9      | Learned a level 3 spell: Dazzling Spray
 11115 | D:9      | Reached skill level 1 in Charms
 11135 | Lair:1   | Entered Level 1 of the Lair of Beasts
 11138 | Lair:1   | Reached skill level 12 in Spellcasting
 11166 | Lair:1   | Reached skill level 2 in Charms
 11449 | Lair:1   | Reached *** piety under Vehumet
 11497 | Lair:1   | Reached XP level 11. HP: 59/59 MP: 29/29
 11532 | Lair:1   | Reached skill level 3 in Charms
 11558 | Lair:1   | Reached skill level 5 in Dodging
 11711 | Lair:1   | Reached skill level 3 in Fighting
 11904 | Lair:1   | Offered knowledge of Throw Icicle by Vehumet.
 12228 | Lair:2   | Identified the +9 plate armour of Coeklur {rC+} (You found it on level 9 of the Dungeon)
 12404 | Lair:2   | Identified a scroll of acquirement
 12623 | Lair:3   | Noticed a death yak
 12626 | Lair:3   | Noticed a death yak
 12627 | Lair:3   | Noticed a death yak
 12631 | Lair:3   | Killed a death yak
 12631 | Lair:3   | Reached **** piety under Vehumet
 12631 | Lair:3   | Reached skill level 4 in Charms
 12683 | Lair:3   | Noticed a five-headed hydra
 12692 | Lair:3   | Killed a five-headed hydra
 12692 | Lair:3   | Reached skill level 11 in Fire Magic
 12759 | Lair:3   | Killed a death yak
 12759 | Lair:3   | Reached skill level 6 in Dodging
 12770 | Lair:3   | Killed a death yak
 12770 | Lair:3   | Reached skill level 4 in Fighting
 12770 | Lair:3   | Reached skill level 11 in Conjurations
 12910 | Lair:3   | Offered knowledge of Lightning Bolt by Vehumet.
 13247 | Lair:3   | Noticed Urug
 13263 | Lair:3   | Killed Urug
 13263 | Lair:3   | Reached skill level 13 in Spellcasting
 13444 | Lair:3   | Found a staircase to the Snake Pit.
 13511 | Lair:3   | Reached XP level 12. HP: 62/67 MP: 27/31
 13827 | Lair:4   | Reached skill level 7 in Dodging
 13844 | Lair:4   | Reached skill level 5 in Fighting
 14213 | Lair:4   | Noticed a four-headed hydra
 14220 | Lair:4   | HP: 15/68 [four-headed hydra (9)]
 14220 | Lair:4   | HP: 2/68 [four-headed hydra (13)]
 14224 | Lair:4   | Killed a four-headed hydra
 14436 | Lair:4   | HP: 4/68 [rime drake/flash freeze (40)]
 14440 | Lair:4   | Killed from afar by a rime drake

Vault maps used:
D:1:      sevenhm_arrival_forest_fort_large_4, minmay_vboxes
D:2:      bloody_trog, lemuel_doored_altar, grunt_decor_arrowhead,
          minmay_misc_feat_diagonals, uniq_natasha
D:3:      uniq_terence
D:4:      marbit_many_paths, nicolae_overflow_hidden_temple, uniq_eustachio
D:5:      first_bread, serial_shops, shop, st_stairs_2
D:6:      nemelex_spade_bored_becter
D:7:      kennysheep_mini_moat, minmay_temple_entry_statues_pillars,
          kennysheep_small_square
D:8:      old_standard_altar, lemuel_crystal_altar,
          gammafunk_pakellas_statue_experiment
D:9:      okawaru_arena_lexackson, minmay_lair_entry_lava, hiddenorc1_lemuel,
          serial_shops, shop_fountains
D:10:     enter_trove_2, uniq_joseph
Temple:   circular_temple_12
Lair:1:   patterned_corridor, serial_bayou_shore_a
Lair:3:   guppyfry_snake_entry_island, beast_lair_carwin_11, uniq_urug
Lair:4:   enter_volcano_3, serial_bayou_lake_a, grunt_megastairs_5

Skill      XL: |  1  2  3  4  5  6  7  8  9 10 11 12 |
---------------+-------------------------------------+-----
Fighting       | 1 2 4 5 |  5.3
Dodging        | 3 4 6 7 |  7.8
Conjurations   | 2 3 4 5 7 8 10 11 | 11.7
Fire Magic     | 4 5 6 7 9 10 11 | 11.8
Spellcasting   | 4 5 6 8 10 12 13 | 13.5
Charms         | 2 4 |  4.1
Stealth        | |  2.4

Action                   |  1- 3 |  4- 6 |  7- 9 | 10-12 || total
-------------------------+-------+-------+-------+-------++-------
Melee: Unarmed           |     9 |       |       |       ||     9
       Short sword       |    16 |    14 |       |       ||    30
       Kick              |       |     1 |    11 |     3 ||    15
       Mace              |       |     1 |       |       ||     1
       Staff             |       |       |    46 |    17 ||    63
Throw: Stone             |       |     5 |       |     1 ||     6
 Cast: Flame Tongue      |    54 |   103 |   105 |    23 ||   285
       Throw Flame       |       |     4 |   107 |   181 ||   292
       Sticky Flame      |       |       |    69 |    82 ||   151
       Fireball          |       |       |     4 |     8 ||    12
       Dazzling Spray    |       |       |       |    22 ||    22
       Iskenderun's Batt |       |       |       |    20 ||    20
Evoke: Wand              |       |       |     4 |     3 ||     7
  Use: Scroll            |     5 |     3 |     9 |    12 ||    29
       Potion            |     1 |     2 |       |     7 ||    10
 Stab: Sleeping          |       |       |     1 |       ||     1
  Eat: Chunk             |     1 |     5 |    19 |    12 ||    37
       Beef jerky        |       |     1 |     2 |     1 ||     4
       Fruit             |       |       |       |     8 ||     8
       Royal jelly       |       |       |       |     1 ||     1
Armor: Robe              |    18 |    11 |    62 |    52 ||   143
       Skin              |       |       |       |     6 ||     6
Dodge: Dodged            |    61 |    48 |   127 |   112 ||   348

Vault maps used:
D:1:      sevenhm_arrival_forest_fort_large_4, minmay_vboxes
D:2:      bloody_trog, lemuel_doored_altar, grunt_decor_arrowhead,
          minmay_misc_feat_diagonals, uniq_natasha
D:3:      uniq_terence
D:4:      marbit_many_paths, nicolae_overflow_hidden_temple, uniq_eustachio
D:5:      first_bread, serial_shops, shop, st_stairs_2
D:6:      nemelex_spade_bored_becter
D:7:      kennysheep_mini_moat, minmay_temple_entry_statues_pillars,
          kennysheep_small_square
D:8:      old_standard_altar, lemuel_crystal_altar,
          gammafunk_pakellas_statue_experiment
D:9:      okawaru_arena_lexackson, minmay_lair_entry_lava, hiddenorc1_lemuel,
          serial_shops, shop_fountains
D:10:     enter_trove_2, uniq_joseph
Temple:   circular_temple_12
Lair:1:   patterned_corridor, serial_bayou_shore_a
Lair:3:   guppyfry_snake_entry_island, beast_lair_carwin_11, uniq_urug
Lair:4:   enter_volcano_3, serial_bayou_lake_a, grunt_megastairs_5

Table legend:
 A = Turns spent in this place as a percentage of turns spent in the entire game.
 B = Non-inter-level travel turns spent in this place as a percentage of non-inter-level travel turns spent in the entire game.
 C = Inter-level travel turns spent in this place as a percentage of turns spent in this place.
 D = Turns resting spent in this place as a percentage of non-inter-level travel turns spent in this place.
 E = Turns spent auto-exploring this place as a percentage of non-inter-level travel turns spent in this place.
 F = Non-inter-level travel turns spent in this place divided by the number of levels of this place that you've seen.
                   A       B       C       D       E      F
               +-------+-------+-------+-------+-------+----------------------
         Total | 100.0 | 100.0 |   0.7 |   3.6 |   8.6 | 250.9
       Dungeon |  71.7 |  71.7 |   0.7 |   4.0 |   9.3 | 269.7
        Temple |   0.4 |   0.4 |   0.0 |   0.0 |   0.0 |  16.0
          Lair |  27.9 |  27.9 |   0.6 |   2.6 |   6.9 | 262.5
               +-------+-------+-------+-------+-------+----------------------

Table legend:
 A = Kills in this place as a percentage of kills in entire the game.
 B = Kills by you in this place as a percentage of kills by you in the entire game.
 C = Kills by friends in this place as a percentage of kills by friends in the entire game.
 D = Other kills in this place as a percentage of other kills in the entire game.
 E = Experience gained in this place as a percentage of experience gained in the entire game.
 F = Experience gained in this place divided by the number of levels of this place that you have seen.
                   A       B       C       D       E      F
               +-------+-------+-------+-------+-------+----------------------
         Total | 100.0 | 100.0 |  -nan | 100.0 | 100.0 | 1851.3
       Dungeon |  73.9 |  73.8 |  -nan | 100.0 |  35.1 | 975.5
          Lair |  26.1 |  26.2 |  -nan |   0.0 |  64.9 | 4503.8
               +-------+-------+-------+-------+-------+----------------------
